MLB
WASHINGTON NATIONALS @ LOS ANGELES DODGERS
03/05/2099
 
TOP OF THE 1ST
Washington Nationals batting - Pitching for Los Angeles Dodgers : LHP Mike Rumschlag
Pitching: LHP Mike Rumschlag
Batting: RHB Luis Rivera 0-0: Foul Ball, location: 9LMF
0-1: Ball
1-1: Ball
2-1: Swinging Strike
2-2: Ball
3-2: Ground out 6-3 (Groundball, 6M, EV 96.9 MPH)
Batting: SHB Kyle Spencer 0-0: Ball
1-0: Swinging Strike
1-1: Ball
2-1: Swinging Strike
2-2: Strikes out swinging
Batting: LHB Bubba Main 0-0: Ball
1-0: Ball
2-0: Foul Ball, location: 2F
2-1: Fly out, F6 (Popup, 6, EV 63.8 MPH)
Top of the 1st over - 0 runs, 0 hits, 0 errors, 0 left on base; Washington 0 - Los Angeles 0
BOTTOM OF THE 1ST
Los Angeles Dodgers batting - Pitching for Washington Nationals : LHP Manny Arellano
Pitching: LHP Manny Arellano
Batting: RHB Bryan Uplinger 0-0: Ball
1-0: Ball
2-0: Ball
3-0: Called Strike
3-1: Foul Ball, location: 9LMF
3-2: Foul Ball, location: 5FF
3-2: Foul Ball, location: 25F
3-2: Base on Balls
Batting: RHB Dan Boyd 0-0: Called Strike
Bryan Uplinger steals 2nd base (no throw)
0-1: Ball
1-1: Ball
2-1: Ball
3-1: SINGLE (Line Drive, 9S, EV 101.3 MPH)
Bryan Uplinger to third
Batting: RHB John Spohn 0-0: Ball
1-0: Called Strike
1-1: Fly out, F8 (Line Drive, 8LM, EV 96.9 MPH)
Runner from 3rd tags up, SCORES, no throw by CF
Batting: RHB Victor Salinas 0-0: Called Strike
0-1: Swinging Strike
0-2: Strikes out swinging
Batting: RHB Brad Horwath 0-0: Called Strike
0-1: Called Strike
0-2: Ball
1-2: Ball
2-2: Ball
3-2: Base on Balls
Dan Boyd to second
Batting: LHB Greg Thompson 0-0: Swinging Strike
0-1: SINGLE (Line Drive, 89S, EV 95.0 MPH)
Dan Boyd to third
Brad Horwath to second
Runner from 3rd tries for Home, SAFE, throw by RF to home
Batting: RHB Luis Lozada 0-0: Fly out, F9 (Line Drive, 9, EV 88.1 MPH)
Bottom of the 1st over - 2 runs, 2 hits, 0 errors, 2 left on base; Washington 0 - Los Angeles 2
TOP OF THE 2ND
Washington Nationals batting - Pitching for Los Angeles Dodgers : LHP Mike Rumschlag
Batting: RHB Jon Young 0-0: Called Strike
0-1: Swinging Strike
0-2: Strikes out swinging
Batting: RHB Mario Garcia 0-0: Called Strike
0-1: Foul Ball, location: 3FF
0-2: Foul Ball, location: 2LF
0-2: Ball
1-2: Fly out, F7 (Flyball, 7, EV 96.9 MPH)
Batting: RHB Isaiah Williams 0-0: Ball
1-0: Ball
2-0: SINGLE (Flyball, 8RS, EV 93.1 MPH)
Batting: LHB Jesus Medrano 0-0: Fly out, F4 (Flyball, 34D, EV 88.1 MPH)
Top of the 2nd over - 0 runs, 1 hit, 0 errors, 1 left on base; Washington 0 - Los Angeles 2
BOTTOM OF THE 2ND
Los Angeles Dodgers batting - Pitching for Washington Nationals : LHP Manny Arellano
Batting: RHB Ron Ascencio 0-0: Ball
1-0: Ball
2-0: Called Strike
2-1: Called Strike
2-2: Foul Ball, location: 2F
2-2: Ball
3-2: Fly out, F8 (Flyball, 8RM, EV 88.8 MPH)
Batting: SHB Jason Avsar 0-0: Called Strike
0-1: Called Strike
0-2: Ball
1-2: Strikes out swinging
Batting: RHB Bryan Uplinger 0-0: Called Strike
0-1: Fly out, F7 (Flyball, 7D, EV 109.4 MPH)
Bottom of the 2nd over - 0 runs, 0 hits, 0 errors, 0 left on base; Washington 0 - Los Angeles 2
TOP OF THE 3RD
Washington Nationals batting - Pitching for Los Angeles Dodgers : LHP Mike Rumschlag
Batting: RHB Steve Miles 0-0: Ball
1-0: Foul Ball, location: 7LDF
1-1: Foul Ball, location: 3FF
1-2: Strikes out swinging
Batting: RHB Fidel Trinidad 0-0: Called Strike
0-1: Foul Ball, location: 5FF
0-2: Ball
1-2: Ball
2-2: Ground out 3-1 (Groundball, 34S, EV 66.9 MPH)
Batting: RHB Luis Rivera 0-0: Swinging Strike
0-1: Ball
1-1: Ball
2-1: Called Strike
2-2: Strikes out swinging
Top of the 3rd over - 0 runs, 0 hits, 0 errors, 0 left on base; Washington 0 - Los Angeles 2
BOTTOM OF THE 3RD
Los Angeles Dodgers batting - Pitching for Washington Nationals : LHP Manny Arellano
Batting: RHB Dan Boyd 0-0: Ball
1-0: Ball
2-0: Called Strike
2-1: Ball
3-1: Foul Ball, location: 7LDF
3-2: Base on Balls
Batting: RHB John Spohn 0-0: Ball
1-0: Ball
2-0: Called Strike
2-1: Called Strike
2-2: Fielders Choice at 2nd, 6-4 (Groundball, 6, EV 82.5 MPH)
Batting: RHB Victor Salinas 0-0: Called Strike
0-1: Ball
1-1: Foul Ball, location: 2F
1-2: SINGLE (Line Drive, 56D, EV 95.0 MPH)
John Spohn to second
Batting: RHB Brad Horwath 0-0: Ball
1-0: Foul Ball, location: 2F
1-1: Called Strike
1-2: Fly out, F8 (Line Drive, 8RM, EV 98.1 MPH)
Batting: LHB Greg Thompson 0-0: Swinging Strike
0-1: Called Strike
0-2: Ball
1-2: Fly out, F4 (Popup, 4MD, EV 70.0 MPH)
Bottom of the 3rd over - 0 runs, 1 hit, 0 errors, 2 left on base; Washington 0 - Los Angeles 2
TOP OF THE 4TH
Washington Nationals batting - Pitching for Los Angeles Dodgers : LHP Mike Rumschlag
Pitching: RHP Ming Ou-yang
Batting: SHB Kyle Spencer 0-0: Ball
1-0: Ground out 6-3 (Groundball, 6, EV 109.4 MPH)
Batting: LHB Bubba Main 0-0: Called Strike
0-1: Swinging Strike
0-2: Strikes out looking
Batting: RHB Jon Young 0-0: Called Strike
0-1: Ball
1-1: Foul Ball, location: 9LMF
1-2: Ball
2-2: Ball
3-2: Strikes out swinging
Top of the 4th over - 0 runs, 0 hits, 0 errors, 0 left on base; Washington 0 - Los Angeles 2
BOTTOM OF THE 4TH
Los Angeles Dodgers batting - Pitching for Washington Nationals : LHP Manny Arellano
Batting: RHB Luis Lozada 0-0: Ball
1-0: Ball
2-0: Ball
3-0: Base on Balls
Batting: RHB Ron Ascencio 0-0: SINGLE (Groundball, 6MD, EV 98.8 MPH)
Luis Lozada to second
Batting: SHB Jason Avsar 0-0: Ball
1-0: SINGLE (Groundball, 4MD, EV 95.6 MPH)
Luis Lozada to third
Ron Ascencio to second
Batting: RHB Bryan Uplinger 0-0: Ball
1-0: Ball
2-0: Swinging Strike
2-1: Fly out, F5 (Popup, 56S, EV 74.4 MPH)
Pinch Hitting: RHB Pete Chivers 0-0: Ball
1-0: SINGLE (Flyball, 78S, EV 91.9 MPH)
Luis Lozada scores
Ron Ascencio to third
Jason Avsar to second
Pinch Hitting: LHB Joel Holden 0-0: Fielders Choice at 2nd, 6-4 (Groundball, 6, EV 82.5 MPH)
Ron Ascencio scores
Jason Avsar to third
Pinch Hitting: SHB Roberto Campos 0-0: Foul Ball, location: 3SF
0-1: Ball
1-1: Ball
2-1: Swinging Strike
2-2: Ball
3-2: Strikes out looking
Bottom of the 4th over - 2 runs, 3 hits, 0 errors, 2 left on base; Washington 0 - Los Angeles 4
TOP OF THE 5TH
Washington Nationals batting - Pitching for Los Angeles Dodgers : RHP Ming Ou-yang
Now at 1B: Roberto Campos
Now at 2B: Pete Chivers
Now in CF: Freddie Mitchell
Now in RF: Joel Holden
Batting: RHB Mario Garcia 0-0: Called Strike
0-1: Ball
1-1: DOUBLE (Flyball, 78D, EV 89.4 MPH)
Batting: RHB Isaiah Williams 0-0: 2-RUN HOME RUN (Flyball, 9LD, EV 95.6 MPH), Distance : 340 ft
Batting: LHB Jesus Medrano 0-0: Ground out 3-1 (Groundball, 34S, EV 67.5 MPH)
Batting: RHB Steve Miles 0-0: Foul Ball, location: 7LMF
0-1: Foul Ball, location: 9LMF
0-2: Foul Ball, location: 2F
0-2: Foul Ball, location: 7LMF
0-2: Foul Ball, location: 2LF
0-2: Strikes out swinging
Batting: RHB Fidel Trinidad 0-0: Ball
1-0: Called Strike
1-1: Called Strike
1-2: Fly out, F9 (Flyball, 89M, EV 100.0 MPH)
Top of the 5th over - 2 runs, 2 hits, 0 errors, 0 left on base; Washington 2 - Los Angeles 4
BOTTOM OF THE 5TH
Los Angeles Dodgers batting - Pitching for Washington Nationals : LHP Manny Arellano
Pitching: RHP Johnny Reed
Now at 1B: Omar Flores
Now at 3B: David Hampton
Now in LF: Jason Borden
Now in RF: Alan Cecil
Batting: RHB Brad Horwath 0-0: Ball
1-0: Ball
2-0: Fly out, F9 (Flyball, 9D, EV 101.3 MPH)
Pinch Hitting: RHB Rodolfo Navarro 0-0: Called Strike
0-1: Ball
1-1: Foul Ball, location: 5FF
1-2: Strikes out swinging
Batting: RHB Luis Lozada 0-0: Ball
1-0: Swinging Strike
1-1: Foul Ball, location: 9LSF
1-2: Strikes out looking
Bottom of the 5th over - 0 runs, 0 hits, 0 errors, 0 left on base; Washington 2 - Los Angeles 4
TOP OF THE 6TH
Washington Nationals batting - Pitching for Los Angeles Dodgers : RHP Ming Ou-yang
Pitching: RHP David Dzik
Now at 3B: Curt Kruse
Now in LF: Rodolfo Navarro
Pinch Hitting: LHB Gene Ratcliff 0-0: Called Strike
0-1: Ball
1-1: Called Strike
1-2: Ground out 6-3 (Groundball, 6, EV 83.8 MPH)
Pinch Hitting: RHB Juan Lozano 0-0: Ball
1-0: Ball
2-0: Foul Ball, location: 5FF
2-1: Swinging Strike
2-2: Ground out 5-3 (Groundball, 56, EV 108.8 MPH)
Batting: RHB Jason Borden 0-0: Called Strike
0-1: Ball
1-1: Swinging Strike
1-2: Strikes out swinging
Top of the 6th over - 0 runs, 0 hits, 0 errors, 0 left on base; Washington 2 - Los Angeles 4
BOTTOM OF THE 6TH
Los Angeles Dodgers batting - Pitching for Washington Nationals : RHP Johnny Reed
Pitching: LHP Carlos Jimenez
Now at C: Joe Cain
Now at SS: Juan Lozano
Now in CF: Gene Ratcliff
Batting: RHB Ron Ascencio 0-0: Ball
1-0: Called Strike
1-1: Ball
2-1: Foul Ball, location: 5F
2-2: Strikes out looking
Pinch Hitting: LHB Jamie Wortman 0-0: Foul Ball, location: 2F
0-1: Swinging Strike
0-2: Fly out, F7 (Flyball, 7, EV 91.3 MPH)
Batting: SHB Freddie Mitchell 0-0: Foul Ball, location: 2F
0-1: Ground out U3 (Groundball, 3, EV 91.9 MPH)
Bottom of the 6th over - 0 runs, 0 hits, 0 errors, 0 left on base; Washington 2 - Los Angeles 4
TOP OF THE 7TH
Washington Nationals batting - Pitching for Los Angeles Dodgers : RHP David Dzik
Now at SS: Jamie Wortman
Batting: RHB Omar Flores 0-0: Ball
1-0: Foul Ball, location: 23F
1-1: Ball
2-1: Ball
3-1: Swinging Strike
3-2: Strikes out swinging
Batting: RHB Alan Cecil 0-0: Ball
1-0: Ball
2-0: Ball
3-0: SINGLE (Groundball, 34D, EV 106.3 MPH)
Pinch Hitting: LHB Juan Chavez 0-0: Swinging Strike
0-1: Foul Ball, location: 2F
0-2: Foul Ball, location: 7LMF
0-2: Foul Ball, location: 2F
0-2: Ball
1-2: Strikes out looking
Batting: LHB Jose Lara 0-0: Called Strike
0-1: Ball
1-1: Ball
Alan Cecil steals 2nd base
2-1: Swinging Strike
2-2: Foul Ball, location: 2F
2-2: Strikes out swinging
Top of the 7th over - 0 runs, 1 hit, 0 errors, 1 left on base; Washington 2 - Los Angeles 4
BOTTOM OF THE 7TH
Los Angeles Dodgers batting - Pitching for Washington Nationals : LHP Carlos Jimenez
Now at 3B: Juan Chavez
Batting: RHB Pete Chivers 0-0: Swinging Strike
0-1: Ball
1-1: Foul Ball, location: 2F
1-2: Foul Ball, location: 2F
1-2: Strikes out looking
Batting: LHB Joel Holden 0-0: Ball
1-0: Fly out, F5 (Popup, 5L, EV 69.4 MPH)
Batting: SHB Roberto Campos 0-0: Ball
1-0: Ball
2-0: Fly out, F4 (Popup, 4, EV 68.8 MPH)
Bottom of the 7th over - 0 runs, 0 hits, 0 errors, 0 left on base; Washington 2 - Los Angeles 4
TOP OF THE 8TH
Washington Nationals batting - Pitching for Los Angeles Dodgers : RHP David Dzik
Pitching: RHP Josh Salvino
Pinch Hitting: SHB Randy Marsh 0-0: Ball
1-0: Swinging Strike
1-1: SINGLE (Line Drive, 7S, EV 98.8 MPH)
Batting: RHB Joe Cain 0-0: Called Strike
0-1: Fly out, F9 (Flyball, 89M, EV 91.9 MPH)
Batting: LHB Gene Ratcliff 0-0: Called Strike
0-1: Ball
1-1: Fielders Choice at 2nd, 5-4 (Groundball, 5L, EV 77.5 MPH)
Batting: RHB Juan Lozano 0-0: Foul Ball, location: 25F
0-1: Called Strike
0-2: Foul Ball, location: 2F
0-2: Strikes out swinging
Top of the 8th over - 0 runs, 1 hit, 0 errors, 1 left on base; Washington 2 - Los Angeles 4
BOTTOM OF THE 8TH
Los Angeles Dodgers batting - Pitching for Washington Nationals : LHP Carlos Jimenez
Pitching: RHP Tomas Diaz
Now at 2B: Randy Marsh
Batting: SHB Mang He 0-0: Ball
1-0: Ball
2-0: Ball
3-0: Called Strike
3-1: Fly out, F5 (Line Drive, 5, EV 68.8 MPH)
Batting: RHB Rodolfo Navarro 0-0: Ball
1-0: Ground out 6-3 (Groundball, 6, EV 95.0 MPH)
Batting: LHB Curt Kruse 0-0: Called Strike
0-1: Ball
1-1: Foul Ball, location: 2F
1-2: Foul Ball, location: 2F
1-2: Foul Ball, location: 2F
1-2: SINGLE (Line Drive, 7LS, EV 97.5 MPH)
Batting: RHB Ron Ascencio 0-0: Called Strike
0-1: Hit by Pitch
Curt Kruse to second
Batting: LHB Jamie Wortman 0-0: Ball
1-0: Ball
2-0: Ball
3-0: Called Strike
3-1: Base on Balls
Curt Kruse to third
Ron Ascencio to second
Batting: SHB Freddie Mitchell 0-0: Foul Ball, location: 2F
0-1: Ball
1-1: Called Strike
1-2: Ball
2-2: Strikes out looking
Bottom of the 8th over - 0 runs, 1 hit, 0 errors, 3 left on base; Washington 2 - Los Angeles 4
TOP OF THE 9TH
Washington Nationals batting - Pitching for Los Angeles Dodgers : RHP Josh Salvino
Pitching: RHP Dennis Emmons
Batting: RHB Jason Borden 0-0: Called Strike
0-1: Ball
1-1: Ground out 4-3 (Groundball, 4, EV 93.8 MPH)
Batting: RHB Omar Flores 0-0: Called Strike
0-1: Ball
1-1: Swinging Strike
1-2: SINGLE (Groundball, 6D, EV 103.8 MPH)
Batting: RHB Alan Cecil 0-0: Ball
1-0: Called Strike
1-1: Swinging Strike
1-2: Ball
2-2: Strikes out swinging
Batting: LHB Juan Chavez 0-0: Called Strike
0-1: Ball
1-1: SINGLE (Groundball, 34D, EV 103.8 MPH)
Omar Flores to second
Batting: LHB Jose Lara 0-0: Called Strike
0-1: Called Strike
0-2: Strikes out swinging
Top of the 9th over - 0 runs, 2 hits, 0 errors, 2 left on base; Washington 2 - Los Angeles 4
Monday, April 29th , 2024 - OOTP Baseball 24.11 Build 85